[Event "Titled Tuesday Blitz November 01 Late 2022"]
[White "Thomforde-Toates, Noah"]
[Black "Jaskolka, Tomasz"]
[WhiteFideId "30951992"]
[BlackFideId "1170791"]
[WhiteElo "2616"]
[BlackElo "2126"]
[Result "1-0"]
[Round "05"]
[TimeControl "180+1"]
[Date "2022.11.02"]
[WhiteClock "0:00:19"]
[BlackClock "0:00:15"]

1. d4 d5 2. Nc3 c6 3. Bf4 Nf6 4. e3 Bf5 5. f3 h5 6. Bd3 Bxd3 7. Qxd3 e6 8. Nge2 Bd6 9. h4 Na6 10. a3 Nc7 11. e4 dxe4 12. fxe4 Bxf4 13. Nxf4 Ng4 14. Nfe2 Qf6 15. Qf3 O-O-O 16. Rd1 Qxf3 17. gxf3 Ne3 18. Rd3 Nc4 19. Nd1 f6 20. a4 g5 21. b3 Nd6 22. Ne3 g4 23. Kf2 gxf3 24. Kxf3 f5 25. exf5 exf5 26. Nf4 Rde8 27. Rg1 Rh7 28. Rg6 Kd7 29. Rg5 Ne4 30. Rxh5 Rg7 31. Nxf5 Rf7 32. Re3 Nf6 33. Rxe8 Ncxe8 34. Rh8 Nd5 35. Nxd5 Rxf5+ 36. Nf4 Nf6 37. Ke3 Ng4+ 38. Ke4 Rf7 39. Nd3 Nf6+ 40. Kf5 Nd5+ 41. Kg6 Rf6+ 42. Kg5 Rf1 43. Rh7+ Kd6 44. Rh5 Rg1+ 45. Kf5 Ne3+ 46. Ke4 Nf1 47. Rh6+ Kd7 48. Ne5+ Kc7 49. Rh7+ Kb6 50. Nd7+ Ka5 51. Nc5 Rg4+ 52. Kd3 b6 53. Rxa7+ Kb4 54. Ne4 Rxh4 55. Rb7 Rh3+ 56. Ke2 Re3+ 57. Kxf1 Rxe4 58. Rxb6+ Kc3 59. Rxc6+ Kd2 60. a5 Re7 61. a6 Ke3 62. d5 Kf3 63. Rf6+ Ke3 64. Re6+ Kf3 65. Rxe7 Kf4 66. a7 Kf3 67. a8=Q Kf4 68. Qf8+ Kg5 69. Rg7+ Kh6 70. Qh8# 1-0


[Site "https://www.chess.com"]

[Event "Titled Tuesday Blitz November 01 Late 2022"]
[White "Timmermans, Mark"]
[Black "Sarana, Alexey"]
[WhiteFideId "1026399"]
[BlackFideId "24133795"]
[WhiteElo "2460"]
[BlackElo "2689"]
[Result "0-1"]
[Round "05"]
[TimeControl "180+1"]
[Date "2022.11.01"]
[WhiteClock "0:00:04"]
[BlackClock "0:00:03"]

1. b4 e6 2. Bb2 Nf6 3. b5 c5 4. c4 d5 5. e3 b6 6. a4 a5 7. Nf3 Bb7 8. Be2 Nbd7 9. O-O Bd6 10. d4 O-O 11. Nbd2 Rc8 12. Rc1 Qe7 13. Qb3 cxd4 14. Nxd4 Nc5 15. Qa2 Nfe4 16. Nxe4 dxe4 17. Rfd1 f5 18. Ba3 Rf6 19. g3 g5 20. Nb3 Nd3 21. Bxd6 Qxd6 22. Qa1 e5 23. c5 bxc5 24. Nxa5 Ba8 25. Nc4 Qd5 26. a5 f4 27. a6 fxg3 28. hxg3 Rxf2 29. Nb6 Qe6 30. Bxd3 exd3 31. Kxf2 Rf8+ 32. Ke1 Be4 33. Qa4 Qg4 34. Kd2 Qe2+ 35. Kc3 Qxe3 36. Re1 d2+ 37. Kb2 dxe1=Q 38. Rc2 Bxc2 39. Qc4+ Kg7 0-1


[Site "https://www.chess.com"]

[Event "Titled Tuesday Blitz November 01 Late 2022"]
[White "Tomaszewski, Kacper"]
[Black "Ozdemir, Serhan Berat"]
[WhiteFideId "1127373"]
[BlackFideId "6374611"]
[WhiteElo "2211"]
[BlackElo "2016"]
[Result "0-1"]
[Round "05"]
[TimeControl "180+1"]
[Date "2022.11.02"]
[WhiteClock "0:00:38"]
[BlackClock "0:00:10"]

1. e4 c5 2. Nf3 e6 3. c3 Nf6 4. e5 Nd5 5. a3 d6 6. d4 cxd4 7. c4 Nb6 8. Qxd4 Nc6 9. Qf4 Qc7 10. Nc3 dxe5 11. Qg3 a6 12. c5 Nd5 13. Ne4 Bd7 14. Bg5 f5 15. Nd6+ Bxd6 16. cxd6 Qxd6 17. Be2 f4 18. Qh4 h6 19. Qh5+ Kf8 20. Nh4 Be8 21. Ng6+ Bxg6 22. Qxg6 hxg5 23. Qxg5 Qe7 24. Qg4 Nd4 25. O-O Qh4 26. h3 Qxg4 27. Bxg4 Ke7 28. Rfe1 Kf6 29. Rad1 Rac8 30. Bxe6 Kxe6 31. Rxd4 Rc1 32. Rxc1 exd4 33. Re1+ Kd6 34. Rd1 Kc5 35. Rc1+ Kb5 36. Rd1 Kc4 37. Rc1+ Kb3 38. Rd1 Kxb2 39. Rxd4 Rd8 40. a4 Kc3 41. Re4 b5 42. axb5 axb5 43. Kf1 b4 44. Re6 b3 45. Rc6+ Kd3 46. Rc5 b2 47. Rb5 Kc2 48. Rc5+ Nc3 49. g4 f3 50. Kg1 b1=Q+ 51. Kh2 Qf1 52. Kg3 Qg2+ 53. Kf4 Qxf2 54. Rc4 Rd4+ 55. Rxd4 Qxd4+ 56. Kg5 Qe4 57. Kh5 f2 58. g5 f1=Q 59. g6 Qff5# 0-1


[Site "https://www.chess.com"]

[Event "Titled Tuesday Blitz November 01 Late 2022"]
[White "Urbina Perez, Juan Antonio"]
[Black "Ambartsumova, Karina"]
[WhiteFideId "2217368"]
[BlackFideId "4166299"]
[WhiteElo "2197"]
[BlackElo "2299"]
[Result "0-1"]
[Round "05"]
[TimeControl "180+1"]
[Date "2022.11.02"]
[WhiteClock "0:00:07"]
[BlackClock "0:00:07"]

1. e4 e5 2. Nf3 Nc6 3. Bb5 Nf6 4. O-O Nxe4 5. Re1 Nd6 6. a4 Be7 7. Nc3 O-O 8. Nxe5 Nxe5 9. Rxe5 c6 10. Bf1 Bf6 11. Re1 Nf5 12. Ne4 d5 13. Nxf6+ Qxf6 14. c3 d4 15. Qf3 Bd7 16. Bd3 Rfe8 17. Rf1 Qg5 18. Bxf5 Bxf5 19. d3 Qg6 20. Bf4 Bxd3 21. Rfe1 dxc3 22. bxc3 h6 23. Qg3 Qxg3 24. hxg3 f6 25. f3 Kf7 26. Kf2 Bc2 27. a5 b5 28. Rxe8 Rxe8 29. a6 c5 30. Be3 Rc8 31. Ra2 Ba4 32. Rd2 Ke6 33. Bf4 Rc6 34. Be3 Rxa6 35. Bxc5 Bb3 36. Bb4 Bc4 37. g4 Ra1 38. Ke3 a5 39. Bc5 Re1+ 40. Kf2 Rf1+ 41. Ke3 Rc1 42. Bd4 a4 43. Kf2 a3 0-1


[Site "https://www.chess.com"]

[Event "Titled Tuesday Blitz November 01 Late 2022"]
[White "Van Osch, Mees"]
[Black "Rodriguez Santiago, Jaime"]
[WhiteFideId "1035967"]
[BlackFideId "3100898"]
[WhiteElo "2324"]
[BlackElo "2025"]
[Result "0-1"]
[Round "05"]
[TimeControl "180+1"]
[Date "2022.11.02"]
[WhiteClock "0:00:04"]
[BlackClock "0:00:47"]

1. e4 c6 2. d4 d5 3. Nc3 dxe4 4. Nxe4 Nf6 5. Nxf6+ exf6 6. Nf3 Bd6 7. Bd3 O-O 8. O-O Re8 9. h3 Nd7 10. Re1 Nf8 11. Rxe8 Qxe8 12. c4 Be6 13. Qc2 Rd8 14. Be3 Qd7 15. Re1 Bb8 16. Bf1 Ng6 17. g3 Bxh3 18. Bxh3 Qxh3 19. Qe4 h5 20. d5 f5 21. Qd4 cxd5 22. cxd5 f4 23. Ng5 Qg4 24. Nxf7 Kxf7 25. Bd2 fxg3 26. Qxg4 gxf2+ 27. Kxf2 hxg4 28. Rg1 g3+ 29. Kf3 Rxd5 30. Bc3 Rd3+ 31. Ke4 Rd6 32. a4 Re6+ 33. Kf5 Nh4+ 34. Kg4 Re4+ 35. Kh3 Nf3 36. Rf1 Re3 37. Kg2 Ke6 38. Rxf3 Rxf3 39. Kxf3 Kd5 40. Bxg7 Kc4 41. a5 Bc7 42. Bc3 Kb5 43. Bd4 a6 44. Bc3 Bxa5 45. Be5 Be1 46. Ke2 Bf2 47. Bf6 Ka4 48. Be5 Kb3 49. Kf3 b5 50. Bf6 a5 51. Be5 a4 52. Bf6 b4 53. Be5 Be1 0-1


[Site "https://www.chess.com"]

[Event "Titled Tuesday Blitz November 01 Late 2022"]
[White "Veleshnja, Zino"]
[Black "Aghasiyev, Kamal"]
[WhiteFideId "4701313"]
[BlackFideId "13402854"]
[WhiteElo "2167"]
[BlackElo "2341"]
[Result "0-1"]
[Round "05"]
[TimeControl "180+1"]
[Date "2022.11.02"]
[WhiteClock "0:00:15"]
[BlackClock "0:00:09"]

1. d4 d5 2. c4 e6 3. cxd5 exd5 4. Nc3 Nf6 5. Bg5 c6 6. Qc2 Nbd7 7. e3 Be7 8. Bd3 h6 9. Bh4 Nh5 10. Bxe7 Qxe7 11. Nge2 Nb6 12. O-O O-O 13. a4 a5 14. Ng3 Nxg3 15. hxg3 Be6 16. Rfe1 f5 17. Ne2 g5 18. Qc5 Qd8 19. g4 fxg4 20. Ng3 Qc7 21. e4 Nd7 22. Qc2 dxe4 23. Rxe4 Bd5 24. Re7 Rf7 25. Rae1 Qd6 26. Nf5 Rxf5 27. Bxf5 Nf8 28. Qc5 Qf4 29. R7e5 g3 30. fxg3 Qxg3 31. Qc2 Qh4 32. Qf2 Qxf2+ 33. Kxf2 Ra6 34. Re8 Rb6 35. R1e2 Kf7 36. Bc8 Ng6 37. g3 Rb3 38. Rd8 Rf3+ 39. Ke1 Rxg3 40. Rd6 Nf4 41. Rd7+ Kg6 42. Re8 Rg1+ 43. Kd2 Rg2+ 44. Kc3 Rg3+ 45. Kd2 Kh5 46. Rxb7 Rg2+ 47. Kc3 Rg3+ 48. Kc2 Kh4 49. Rh8 h5 50. Rbh7 Be4+ 51. Kd2 Rd3+ 52. Ke1 Bxh7 53. Rxh7 Rxd4 54. b3 Rb4 55. Bf5 Rxb3 0-1


[Site "https://www.chess.com"]

[Event "Titled Tuesday Blitz November 01 Late 2022"]
[White "Velikanov, Alexander"]
[Black "Zhigalko, Sergei"]
[WhiteFideId "2039290"]
[BlackFideId "13502956"]
[WhiteElo "2259"]
[BlackElo "2662"]
[Result "0-1"]
[Round "05"]
[TimeControl "180+1"]
[Date "2022.11.01"]
[WhiteClock "0:00:04"]
[BlackClock "0:00:54"]

1. e4 c5 2. Nc3 Nc6 3. Bb5 Nd4 4. Nf3 e6 5. O-O a6 6. Bd3 Nxf3+ 7. Qxf3 Bd6 8. b3 Qc7 9. g3 Ne7 10. Bb2 Be5 11. Nd1 Bxb2 12. Nxb2 O-O 13. Rfe1 b6 14. e5 Bb7 15. Be4 Nc6 16. Qh5 g6 17. Qg5 Nxe5 18. Bxb7 f6 19. Qf4 Qxb7 20. Re3 g5 21. Qe4 d5 22. Qg2 g4 23. Nd3 Nf3+ 24. Rxf3 gxf3 25. Qxf3 e5 26. Qf5 Rad8 27. Re1 Qd7 28. Qh5 Qf7 29. Qh4 Kh8 30. Qa4 Qb7 31. f4 e4 32. Nf2 b5 33. Qa3 Qc6 34. Qb2 Rfe8 35. d3 exd3 36. Rxe8+ Rxe8 37. cxd3 Qe6 38. Kg2 Kg7 39. Qc1 Rc8 40. a4 c4 41. dxc4 bxc4 42. bxc4 dxc4 43. Qd1 c3 44. Qh5 c2 0-1


[Site "https://www.chess.com"]

[Event "Titled Tuesday Blitz November 01 Late 2022"]
[White "Vlassov, Nikolai"]
[Black "Mikhailuk, Slava"]
[WhiteFideId "4103360"]
[BlackFideId "2012910"]
[WhiteElo "2324"]
[BlackElo "2353"]
[Result "1/2-1/2"]
[Round "05"]
[TimeControl "180+1"]
[Date "2022.11.02"]
[WhiteClock "0:01:40"]
[BlackClock "0:00:32"]

1. e4 c5 2. c3 Nf6 3. e5 Nd5 4. d4 cxd4 5. c4 Nb6 6. Nf3 Nc6 7. Bf4 d5 8. exd6 exd6 9. Nxd4 Be7 10. Nc3 O-O 11. Be2 Bf6 12. Nxc6 bxc6 13. Qxd6 Qxd6 14. Bxd6 Re8 15. Kf1 Bf5 16. c5 Bxc3 17. bxc3 Nd5 18. Rc1 g5 19. g4 Bg6 20. h4 gxh4 21. Rxh4 Re4 22. Bf3 Ra4 23. Bxd5 cxd5 24. c6 Ra6 25. f4 Rxc6 26. Be5 Be4 27. f5 f6 28. Bd4 Ra6 29. Rh6 Rf8 30. Ra1 Kg7 31. Rxf6 Rfxf6 32. g5 Bxf5 33. gxf6+ Kf7 34. Re1 Re6 35. Be5 Be4 36. Bd4 Bd3+ 37. Kf2 Rxe1 38. Kxe1 Bc4 39. a3 a6 40. Kf2 Ke6 41. Kg3 Bd3 42. Kg4 1/2-1/2


[Site "https://www.chess.com"]

[Event "Titled Tuesday Blitz November 01 Late 2022"]
[White "Voigt, Martin"]
[Black "Kanyamarala, Trisha"]
[WhiteFideId "4607228"]
[BlackFideId "45004722"]
[WhiteElo "2356"]
[BlackElo "2099"]
[Result "0-1"]
[Round "05"]
[TimeControl "180+1"]
[Date "2022.11.02"]
[WhiteClock "0:00:50"]
[BlackClock "0:00:57"]

1. e4 c5 2. Nf3 d6 3. Bb5+ Nd7 4. d4 cxd4 5. Qxd4 a6 6. Bxd7+ Bxd7 7. Nc3 e6 8. Bg5 Qc7 9. O-O Ne7 10. Rad1 Nc6 11. Qd2 f6 12. Bf4 Ne5 13. Nxe5 dxe5 14. Be3 Bc6 15. f3 b5 16. a3 Be7 17. Qf2 O-O 18. Rd3 a5 19. Ne2 b4 20. axb4 axb4 21. Rfd1 Ra2 22. Bb6 Qb7 23. Bc5 Rxb2 24. Bxe7 Qxe7 25. Rd6 Rxc2 26. Qb6 Rxe2 27. Qxc6 Qa7+ 28. Qb6 Qa2 0-1


[Site "https://www.chess.com"]

[Event "Titled Tuesday Blitz November 01 Late 2022"]
[White "Wartiovaara, Oliver"]
[Black "Petrova, Irina"]
[WhiteFideId "513024"]
[BlackFideId "14124122"]
[WhiteElo "2197"]
[BlackElo "2023"]
[Result "1-0"]
[Round "05"]
[TimeControl "180+1"]
[Date "2022.11.02"]
[WhiteClock "0:00:16"]
[BlackClock "0:00:07"]

1. e4 d6 2. d4 Nf6 3. Nc3 e5 4. Nf3 Nbd7 5. Bc4 Ke7 6. O-O h6 7. Re1 g6 8. b3 Bg7 9. Ba3 c5 10. dxe5 dxe5 11. Nxe5 Nxe5 12. Bxc5+ Ke8 13. Nb5 Nxc4 14. bxc4 Qxd1 15. Raxd1 Bd7 16. Nc7+ Kd8 17. Nxa8 b6 18. Bd6 Ne8 19. Bb8 Kc8 20. Bxa7 Bc6 21. Bxb6 Bxa8 22. Rd8+ Kb7 23. Rb1 Nf6 24. Bd4+ Kc6 25. Rxh8 Bxh8 26. Rb8 Bg7 27. Rxa8 1-0


[Site "https://www.chess.com"]

[Event "Titled Tuesday Blitz November 01 Late 2022"]
[White "Weetik, Vjacheslav"]
[Black "Muradli, Mahammad"]
[WhiteFideId "4153472"]
[BlackFideId "13409301"]
[WhiteElo "2469"]
[BlackElo "2611"]
[Result "0-1"]
[Round "05"]
[TimeControl "180+1"]
[Date "2022.11.01"]
[WhiteClock "0:00:06"]
[BlackClock "0:00:59"]

1. d4 Nf6 2. c4 e6 3. g3 d5 4. Nf3 dxc4 5. Bg2 Bb4+ 6. Nbd2 b5 7. O-O Bb7 8. a4 c6 9. Qc2 Nbd7 10. Ne5 Nd5 11. e4 N5f6 12. Ndf3 h6 13. b3 cxb3 14. Qxb3 a5 15. Bf4 O-O 16. Nd3 Be7 17. Nfe5 b4 18. Rac1 Nxe5 19. Nxe5 Rc8 20. Rfd1 Qb6 21. g4 Rfd8 22. g5 hxg5 23. Bxg5 Rxd4 24. Qg3 Rcd8 25. Rxd4 Qxd4 26. Bf3 c5 27. Rd1 Qxd1+ 28. Bxd1 Rxd1+ 29. Kg2 Nxe4 30. Qf3 Nd6 31. Nc6 Bxg5 32. Qxd1 Bxc6+ 33. Kg1 Bd5 34. Qg4 Be7 35. Qg3 b3 0-1


[Site "https://www.chess.com"]

[Event "Titled Tuesday Blitz November 01 Late 2022"]
[White "Wessendorf, Thomas, Dr."]
[Black "Joubert, Dantelle"]
[WhiteFideId "4604270"]
[BlackFideId "14310813"]
[WhiteElo "2280"]
[BlackElo "1507"]
[Result "1-0"]
[Round "05"]
[TimeControl "180+1"]
[Date "2022.11.02"]
[WhiteClock "0:00:07"]
[BlackClock "0:00:01"]

1. e4 e5 2. Nf3 Nc6 3. Bb5 Nf6 4. d3 Bc5 5. O-O O-O 6. c3 d5 7. Nbd2 Bg4 8. h3 Bxf3 9. Qxf3 dxe4 10. dxe4 Ne7 11. Rd1 Qc8 12. Nf1 Ng6 13. Bg5 Be7 14. Ng3 h6 15. Be3 Nh4 16. Qe2 c6 17. Ba4 Qc7 18. Bb3 a5 19. a4 Rad8 20. Nh5 Kh7 21. Nxf6+ Bxf6 22. g3 Ng6 23. h4 Rxd1+ 24. Rxd1 Rd8 25. Rxd8 Qxd8 26. Bxf7 Ne7 27. h5 Nc8 28. Bg6+ Kh8 29. Kg2 Ne7 30. Bf7 Qd7 31. Bb3 Nc8 32. Qc4 Qd8 33. Bc5 Be7 34. Be3 Bf6 35. Qe6 Ne7 36. Bc5 Nc8 37. Qg4 b6 38. Be3 c5 39. Qg6 Ne7 40. Qf7 Nc8 41. Be6 Nd6 42. Qg6 Qe7 43. Bd5 Qe8 44. Qg4 Qe7 45. f4 exf4 46. Qxf4 Be5 47. Qf3 Qf6 48. Bf4 Nf7 49. Bxe5 Nxe5 50. Qf5 Qxf5 51. exf5 1-0


[Site "https://www.chess.com"]

[Event "Titled Tuesday Blitz November 01 Late 2022"]
[White "Wieczorek, Zbigniew"]
[Black "Olenik Campa, Rudi"]
[WhiteFideId "1102001"]
[BlackFideId "14633264"]
[WhiteElo "2281"]
[BlackElo "2051"]
[Result "0-1"]
[Round "05"]
[TimeControl "180+1"]
[Date "2022.11.02"]
[WhiteClock "0:00:01"]
[BlackClock "0:00:41"]

1. Nf3 g6 2. g3 Bg7 3. Bg2 e5 4. d3 Ne7 5. c4 O-O 6. Nc3 c6 7. O-O d5 8. cxd5 cxd5 9. e4 d4 10. Nb5 a6 11. Na3 Nbc6 12. Nc4 b5 13. Ncd2 h6 14. a3 Be6 15. b4 Qd7 16. Nb3 Qd6 17. Nc5 Bc8 18. Bd2 a5 19. Rc1 a4 20. Rc2 Be6 21. Qc1 Rac8 22. Bxh6 Bb3 23. Rb2 Na5 24. Bxg7 Kxg7 25. Nh4 Be6 26. Qd2 Nb3 27. Nxb3 axb3 28. f4 f6 29. f5 Bf7 30. fxg6 Bxg6 31. Qf2 Rc3 32. Bh3 Rxd3 33. Bf5 Nxf5 34. exf5 Bf7 35. Qe2 Bc4 36. Qg4+ Kf7 37. Ng6 Rg8 38. Qh5 Ke8 39. Nxe5+ Kd8 40. Nxd3 Bxd3 41. Rxb3 Rxg3+ 42. Kf2 Qf4+ 0-1


[Site "https://www.chess.com"]

[Event "Titled Tuesday Blitz November 01 Late 2022"]
[White "Winterberg, Lukas"]
[Black "Dehtiarov, Roman"]
[WhiteFideId "24622702"]
[BlackFideId "14186640"]
[WhiteElo "2349"]
[BlackElo "2200"]
[Result "0-1"]
[Round "05"]
[TimeControl "180+1"]
[Date "2022.11.02"]
[WhiteClock "0:01:45"]
[BlackClock "0:01:15"]

1. Nf3 Nf6 2. c4 c5 3. Nc3 Nc6 4. e3 e5 5. d4 cxd4 6. exd4 e4 7. d5 exf3 8. dxc6 Bb4 9. cxd7+ Bxd7 10. Qxf3 O-O 11. Be2 Bg4 12. Qxb7 Rb8 13. Qxa7 Bxe2 14. Kxe2 Bxc3 15. bxc3 Re8+ 16. Be3 Rb2+ 17. Kf1 Qd3+ 18. Kg1 Rb1+ 0-1


[Site "https://www.chess.com"]

[Event "Titled Tuesday Blitz November 01 Late 2022"]
[White "Xiong, Jeffery"]
[Black "Leiva, Gianmarco"]
[WhiteFideId "2047640"]
[BlackFideId "3804399"]
[WhiteElo "2725"]
[BlackElo "2285"]
[Result "1/2-1/2"]
[Round "05"]
[TimeControl "180+1"]
[Date "2022.11.01"]
[WhiteClock "0:00:04"]
[BlackClock "0:00:05"]

1. e4 c5 2. Nf3 d6 3. Nc3 a6 4. d4 cxd4 5. Qxd4 Nc6 6. Qd3 Nf6 7. Nd5 e6 8. Nxf6+ Qxf6 9. c3 Be7 10. Bg5 Ne5 11. Nxe5 Qxg5 12. Nc4 Qc5 13. Rd1 O-O 14. b4 Qc7 15. Be2 Rd8 16. O-O b6 17. Ne3 Bb7 18. c4 a5 19. a3 axb4 20. axb4 Ra4 21. Rb1 Rda8 22. Rb3 Ra2 23. Rfb1 Bf6 24. Bf1 Bc6 25. g3 Qb7 26. Bg2 Qc7 27. h4 h5 28. b5 Bb7 29. Rd1 Be7 30. Nc2 g6 31. Nb4 Ra1 32. e5 Rxd1+ 33. Qxd1 d5 34. cxd5 Bxb4 35. Rxb4 Qxe5 36. Rd4 Bxd5 37. Bxd5 exd5 38. Rxd5 Ra1 39. Rxe5 Rxd1+ 40. Kg2 Rb1 41. Rd5 Kg7 42. Kf3 Rb4 43. Ke3 Kf8 44. Kd3 Ke7 45. Kc3 Rb1 46. Kc2 Rb4 47. Kc3 Rb1 48. Kc4 Rc1+ 49. Kb3 Ke6 50. Rd2 Rc5 51. Kb4 Rc1 52. Rd8 Rb1+ 53. Kc4 Rc1+ 54. Kb3 Rb1+ 55. Ka4 Rb2 56. Rb8 Ra2+ 57. Kb3 Rxf2 58. Rxb6+ Kd5 59. Rb8 Kc5 60. Ka4 Ra2+ 61. Kb3 Rg2 62. Ka4 Rxg3 63. Rc8+ Kb6 64. Rc6+ Kb7 65. Rf6 Rg4+ 66. Ka5 Rxh4 67. Rxf7+ Kc8 68. Kb6 Rh1 69. Rf8+ Kd7 70. Rg8 Rg1 71. Ka7 Ke7 72. b6 Ra1+ 73. Kb8 Kf7 74. Rc8 Rb1 75. b7 h4 76. Ka7 Rxb7+ 77. Kxb7 g5 78. Rh8 Kg7 79. Rh5 Kg6 80. Rh8 Kg7 81. Rh5 Kg6 82. Rh8 Kf5 83. Kc6 Kg4 84. Kd5 h3 85. Ke4 Kg3 86. Rg8 g4 87. Rh8 h2 88. Kf5 Kf3 89. Rxh2 g3 90. Rh3 Kf2 91. Kg4 g2 92. Rf3+ Ke2 93. Rg3 Kf2 94. Rf3+ Ke2 95. Rg3 Kf1 96. Kh3 g1=Q 97. Rxg1+ Kxg1 1/2-1/2


[Site "https://www.chess.com"]

[Event "Titled Tuesday Blitz November 01 Late 2022"]
[White "Yanchenko, Roman"]
[Black "Chojnacki, Slawomir"]
[WhiteFideId "4137329"]
[BlackFideId "1117076"]
[WhiteElo "2514"]
[BlackElo "2096"]
[Result "1-0"]
[Round "05"]
[TimeControl "180+1"]
[Date "2022.11.02"]
[WhiteClock "0:01:44"]
[BlackClock "0:00:46"]

1. d4 c6 2. c4 d5 3. cxd5 cxd5 4. Nc3 Nc6 5. Bf4 Nf6 6. e3 Qb6 7. Qb3 Bd7 8. Nf3 e6 9. Qxb6 axb6 10. a3 Be7 11. Bd3 O-O 12. Ke2 Na5 13. Ne5 Rfc8 14. g4 Be8 15. g5 Nd7 16. Nf3 Nc4 17. Bxc4 Rxc4 18. h4 Rac8 19. Kd3 Nb8 20. Ne5 R4c7 21. h5 Nc6 22. h6 g6 23. Ng4 Rd7 24. Nf6+ Bxf6 25. gxf6 Na7 26. Rac1 Rdd8 27. Kd2 Bc6 28. Na2 Nb5 29. Nb4 Nd6 30. Bxd6 Rxd6 31. Nd3 Rdd8 32. Ne5 Rc7 33. Rc3 Rdc8 34. Rhc1 Kf8 35. a4 Ke8 36. b4 Kd8 37. b5 Be8 38. Rxc7 Rxc7 39. Rxc7 Kxc7 40. f4 Kd8 41. Nf3 1-0


[Site "https://www.chess.com"]

[Event "Titled Tuesday Blitz November 01 Late 2022"]
[White "Young, Ryan"]
[Black "Winkels, Marcel"]
[WhiteFideId "2049945"]
[BlackFideId "1003887"]
[WhiteElo "2396"]
[BlackElo "1900"]
[Result "1-0"]
[Round "05"]
[TimeControl "180+1"]
[Date "2022.11.02"]
[WhiteClock "0:00:17"]
[BlackClock "0:00:02"]

1. e4 d6 2. d4 Nf6 3. Nc3 e5 4. Nf3 Nbd7 5. Bc4 c6 6. a4 Be7 7. a5 h6 8. Bb3 O-O 9. O-O Re8 10. h3 Bf8 11. Qd3 exd4 12. Nxd4 Nc5 13. Qc4 Be6 14. Nxe6 Rxe6 15. f3 Nxb3 16. Qxb3 d5 17. exd5 Nxd5 18. Nxd5 cxd5 19. Bf4 b6 20. Rad1 Bc5+ 21. Kh1 d4 22. a6 Qf6 23. Bg3 Re2 24. Qd3 Rae8 25. Rd2 Qe6 26. Rxe2 Qxe2 27. Re1 Qxe1+ 28. Bxe1 Rxe1+ 29. Kh2 g6 30. g3 Re3 31. Qd1 Kg7 32. Kg2 Re6 33. b3 b5 34. Qd3 b4 35. Qc4 Re5 36. f4 Rf5 37. g4 Rxf4 38. Qxc5 Rf6 39. Qe5 g5 40. Qxd4 Kg6 41. Qe4+ Kg7 42. Qxb4 Rxa6 43. Qd4+ Rf6 44. b4 Kg6 45. c4 Rf4 46. Qd5 f6 47. b5 Kg7 48. Qd7+ Kg8 49. Qd5+ Kg7 50. c5 Rb4 51. Qd7+ Kg6 52. Qd5 Kg7 53. Qd6 Rxb5 54. Qd7+ Kg6 55. Qxb5 a6 56. Qc6 a5 57. Qb6 a4 58. c6 a3 59. c7 a2 60. c8=Q a1=Q 61. Qg8# 1-0


[Site "https://www.chess.com"]

[Event "Titled Tuesday Blitz November 01 Late 2022"]
[White "Yuan, Qingyu"]
[Black "Jimenez Almeida, Luis David"]
[WhiteFideId "8609772"]
[BlackFideId "22242244"]
[WhiteElo "2359"]
[BlackElo "2158"]
[Result "1-0"]
[Round "05"]
[TimeControl "180+1"]
[Date "2022.11.02"]
[WhiteClock "0:01:06"]
[BlackClock "0:00:51"]

1. e4 g6 2. d4 Bg7 3. Nf3 c5 4. d5 d6 5. Nc3 e6 6. Bb5+ Bd7 7. Bxd7+ Qxd7 8. dxe6 fxe6 9. Bf4 e5 10. Be3 Ne7 11. Qd3 Nbc6 12. O-O-O Nd4 13. Kb1 Nxf3 14. gxf3 O-O-O 15. Nb5 Kb8 16. Bxc5 Nc8 17. Bxd6+ Nxd6 18. Qxd6+ Qxd6 19. Nxd6 Rhf8 20. Rd3 Rf6 21. Rhd1 a6 22. Nc4 Rdf8 23. Nxe5 1-0


[Site "https://www.chess.com"]

[Event "Titled Tuesday Blitz November 01 Late 2022"]
[White "Zanette, Edgard Vinicius"]
[Black "Perske, Thore"]
[WhiteFideId "2109263"]
[BlackFideId "12902195"]
[WhiteElo "2236"]
[BlackElo "2336"]
[Result "0-1"]
[Round "05"]
[TimeControl "180+1"]
[Date "2022.11.02"]
[WhiteClock "0:00:21"]
[BlackClock "0:00:13"]

1. e4 e6 2. d4 d5 3. Nd2 c5 4. exd5 exd5 5. Ngf3 a6 6. c3 Nc6 7. dxc5 Bxc5 8. Nb3 Bb6 9. Bd3 Nf6 10. O-O O-O 11. Bf4 h6 12. h3 g5 13. Bh2 Ne4 14. Nfd4 Qf6 15. Qf3 Qxf3 16. Nxf3 Bf5 17. Nfd4 Bg6 18. f3 Nc5 19. Bxg6 Nxb3 20. axb3 Nxd4 21. Kh1 Nxb3 22. Ra3 Nd2 23. Rd1 Nc4 24. Bf5 Nxa3 25. bxa3 Rad8 26. Be5 Rfe8 27. Bg3 d4 28. cxd4 Rxd4 29. Rb1 Bc5 30. Bf2 Rc4 31. Bd3 Rc3 32. Bxc5 Rxc5 33. Rxb7 a5 34. Ra7 Re3 35. Be4 Rxa3 36. Ra6 Kg7 37. Kh2 Ra1 38. h4 a4 39. hxg5 hxg5 40. Kg3 a3 41. Kg4 a2 42. g3 Rb5 43. Bd3 Rb2 44. Bc4 Rc1 45. Rxa2 Rxc4+ 0-1


[Site "https://www.chess.com"]

[Event "Titled Tuesday Blitz November 01 Late 2022"]
[White "chess50years"]
[Black "Constantinou, Peter"]
[BlackFideId "413038"]
[WhiteElo "2033"]
[BlackElo "2230"]
[Result "0-1"]
[Round "05"]
[TimeControl "180+1"]
[Date "2022.11.02"]
[WhiteClock "0:00:01"]
[BlackClock "0:00:58"]

1. d4 f5 2. Nc3 Nf6 3. Bg5 d5 4. f3 Nc6 5. Bxf6 exf6 6. e3 Ne7 7. Bd3 c6 8. Nge2 Be6 9. h4 h5 10. Nf4 Bf7 11. Qe2 Qd7 12. O-O-O O-O-O 13. Kb1 Kb8 14. Qf2 Nc8 15. Nce2 g5 16. Nh3 Be7 17. Nc1 Nd6 18. Rhe1 Rdg8 19. Nb3 Nc4 20. Nc5 Bxc5 21. dxc5 Ne5 22. e4 dxe4 23. Bxe4 Qe6 24. b3 fxe4 25. fxe4 Ng4 26. Qf3 Ne5 27. Qc3 gxh4 28. Nf4 Qg4 29. Nd3 Nxd3 30. Rxd3 Qxg2 31. Qxf6 Rf8 32. Rf3 h3 33. Qd6+ Ka8 34. Rff1 h2 35. Qe5 a6 36. Rh1 Re8 37. Qxh2 Qxh2 38. Rxh2 Bg6 39. e5 Re6 40. Rhe2 Rhe8 41. Re3 Bf5 42. Kb2 h4 43. c4 h3 44. R3e2 Bg4 45. Re3 Ka7 0-1


[Site "https://www.chess.com"]

[Event "Titled Tuesday Blitz November 01 Late 2022"]
[White "Golubova, Anna"]
[Black "Bayo Milagro, Alvaro"]
[WhiteFideId "24173606"]
[BlackFideId "22275240"]
[WhiteElo "2047"]
[BlackElo "2270"]
[Result "0-1"]
[Round "06"]
[TimeControl "180+1"]
[Date "2022.11.02"]
[WhiteClock "0:00:29"]
[BlackClock "0:01:01"]

1. Nf3 Nf6 2. g3 g6 3. Bg2 Bg7 4. O-O O-O 5. d3 d6 6. e4 c5 7. Nc3 Nc6 8. a4 a6 9. Re1 Nd7 10. Be3 Rb8 11. Qd2 b5 12. axb5 axb5 13. d4 b4 14. Ne2 Bb7 15. dxc5 Nxc5 16. Nfd4 Ne5 17. f3 Nc4 18. Qc1 Nxe3 19. Qxe3 Ra8 20. Red1 Qb6 21. Qf2 Ra6 22. Rxa6 Qxa6 23. c3 Nd3 24. Qe3 Nxb2 25. Rb1 Qa2 26. Qc1 bxc3 27. Nc2 Nd3 28. Qd1 Qa7+ 29. Kh1 Nf2+ 0-1


[Site "https://www.chess.com"]

[Event "Titled Tuesday Blitz November 01 Late 2022"]
[White "Aggelis, Nikolaos"]
[Black "Bjelobrk, Igor"]
[WhiteFideId "4213220"]
[BlackFideId "4300726"]
[WhiteElo "2187"]
[BlackElo "2335"]
[Result "1-0"]
[Round "06"]
[TimeControl "180+1"]
[Date "2022.11.02"]
[WhiteClock "0:01:03"]
[BlackClock "0:00:22"]

1. d4 e6 2. g3 c5 3. Nf3 Nc6 4. Bg2 Nf6 5. O-O d5 6. c4 dxc4 7. Qa4 Bd7 8. dxc5 Na5 9. Qa3 b6 10. b4 cxb3 11. axb3 Bxc5 12. b4 Be7 13. Ne5 Rc8 14. Rd1 Qc7 15. Nxd7 Nxd7 16. Qa4 Nc6 17. Nc3 Nxb4 18. Nb5 Qc2 19. Qxc2 Nxc2 20. Rxa7 Nc5 21. Bf4 g5 22. Bd6 Nd7 23. Bxe7 1-0


[Site "https://www.chess.com"]